 Dungeon Crawl Stone Soup version 0.31-a0-455-g1a7b003ef0 (webtiles) character file.

Game seed: 3702405928404665619

9 Xavori the Trooper (level 2, -1/25 HPs)
             Began as a Djinni Chaos Knight on Aug 3, 2023.
             Was a Plaything of Xom.
             Slain by a goblin
             ... wielding a +1 dagger of speed
              (2 damage)
             ... on level 1 of the Dungeon.
             The game lasted 00:00:25 (215 turns).

Xavori the Trooper (Djinni Chaos Knight)             Turns: 215, Time: 00:00:26

Health: -1/25      AC:  5    Str: 11    XL:     2   Next: 20%
Gold:   64         EV: 11    Int: 13    God:    Xom [..*...] SH:  0 Dex: 12

rFire   + + .        a - +0 falchion (chaos)
rCold   x . .        (no shield)
rNeg    . . .        b - +2 leather armour
rPois   ∞            (no helmet)
rElec   .            (no cloak)
rCorr   .            (no gloves)
SInv    .            (boots unavailable)
Will    .....        (no amulet)
Stlth   +            (no ring)
HPRegen 0.24/turn    (no ring)
MPRegen 0.00/turn

%: infuse magic (-2 HP)
@: flying
A: sickness immunity, fire resistance 2, cold vulnerability 1, float, innate
caster, HP casting, extra vitality 1
a: Renounce Religion


You were on level 1 of the Dungeon.
You worshipped Xom.
You were a toy of Xom.
You visited 1 branch of the dungeon, and saw 2 of its levels.

You collected 64 gold pieces.

Inventory:

Hand Weapons
 a - a +0 falchion of chaos (weapon)
Armour
 b - a +2 leather armour (worn)
Scrolls
 c - a scroll of butterflies
Potions
 d - a potion of mutation {unknown}


   Skills:
 + Level 3.1 Fighting
 + Level 2.8 Long Blades
 + Level 1.1 Armour
 + Level 2.2 Dodging
 * Level 0.1 Spellcasting
 * Level 0.1 Conjurations
 * Level 0.1 Hexes
 * Level 0.1 Summonings
 * Level 0.1 Necromancy
 * Level 0.1 Translocations
 * Level 0.1 Transmutations
 * Level 0.1 Fire Magic
 * Level 0.1 Ice Magic
 * Level 0.1 Air Magic
 * Level 0.1 Earth Magic
 * Level 0.1 Poison Magic You didn't know any spells. Your spell library was empty.

Dungeon Overview and Level Annotations

Branches:
Dungeon (2/15)

Altars:


Innate Abilities, Weirdness & Mutations

You are immune to sickness and miasma.
You are immune to poison.
Your flesh is very heat resistant. (rF++)
You are vulnerable to cold. (rC-)
You float through the air rather than walking.
You learn spells naturally, not from books.
Your magical power is your life essence.
You have superior vitality. (+4 MHP)


Message History

The goblin completely misses itself.
The goblin closely misses you.
You completely miss the goblin.
The goblin seems less confused.
The rat misses you.
The goblin hits you with a +1 dagger of speed.
The goblin barely misses you. The rat bites you but does no damage.
You barely miss the goblin.
The goblin hits you with a +1 dagger of speed.
* * * LOW HITPOINT WARNING * * *
The rat barely misses you.
The goblin hits you with a +1 dagger of speed.
* * * LOW HITPOINT WARNING * * *
A giant cockroach comes into view. x2
You hit the giant cockroach. You freeze the giant cockroach.
You kill the giant cockroach!
The rat barely misses you.
The hobgoblin shoots a sling bullet.
The sling bullet hits you but does no damage.
The goblin hits you with a +1 dagger of speed.
* * * LOW HITPOINT WARNING * * *
The rat barely misses you.
The hobgoblin unwields a +0 sling.
The hobgoblin hits you but does no damage.
The goblin hits you but does no damage.
You closely miss the goblin. The goblin hits you but does no damage.
The goblin misses you. The rat barely misses you.
The hobgoblin closely misses you.
Unknown command.
You hit the goblin. You freeze the goblin.
The goblin is heavily wounded.
The goblin hits you but does no damage. x2
The rat bites you but does no damage.
The hobgoblin hits you but does no damage.
The goblin hits you with a +1 dagger of speed.
* * * LOW HITPOINT WARNING * * *
You hit the goblin.
The goblin resists with significant effort.
The goblin is heavily wounded.
The giant cockroach barely misses you. The goblin hits you but does no damage.
The rat barely misses you. The goblin hits you but does no damage.
The hobgoblin closely misses you. The giant cockroach closely misses you.
The goblin hits you with a +1 dagger of speed.
You die...

.... ## ..... ##. . ....
##.. .. ...# #.<. ... #..
#=. #~.... #..##.## #...
#..... ....>...## ##....
♣..... .....#†gr##......
♣..... .....#.g@.†......
#..... ##.....B.g#......
#..... ................#
#.♣... ................?
..##.........#...........
.........................
.........................
.#...#.....#.............
.#...#.....#.........[...


You could see a giant cockroach, a hobgoblin, 2 goblins and a rat.

Vanquished Creatures
  An endoplasm (D:1)
  A giant cockroach (D:1)
  2 hobgoblins (D:1)
  A kobold (D:2)
  2 ball pythons (D:1)
7 creatures vanquished.

Notes
Turn   | Place    | Note
-------+----------+-------------------------------------------
     0 | D:1      | Xavori the Djinni Chaos Knight began the quest for the Orb.
     0 | D:1      | Reached XP level 1. HP: 20/20 MP: 0/0
    19 | D:1      | You are sucked into a shaft and drop 1 floor!
   201 | D:1      | XOM: confuse monster(s)
   205 | D:1      | Reached XP level 2. HP: 20/25 MP: 0/0
   212 | D:1      | HP: 1/25 [goblin/+1 dagger of speed (4)]
   215 | D:1      | Slain by a goblin

Illustrated notes

Levels and vault maps discovered:
D:1:      nzn_arrival_settlement, layout_basic, minmay_heptomino_w4
D:2:      layout_basic

Action                     || total
---------------------------++-------
  Melee: Falchion          ||    19
 Armour: Leather armour    ||    18
  Dodge: Dodged            ||    21

Table legend: (Time is in decaauts)
 A = Elapsed time spent in this place.
 B = Non-inter-level travel time spent in this place.
 C = Inter-level travel time spent in this place.
 D = Time resting spent in this place.
 E = Time spent auto-exploring this place.
 F = Levels seen in this place.
 G = Mean time per level.
                   A        B        C        D        E       F      G
               +--------+--------+--------+--------+--------+-----+--------+
         Total |    217 |    217 |      0 |      0 |    132 |   2 |  108.5 |
       Dungeon |    217 |    217 |      0 |      0 |    132 |   2 |  108.5 |
               +--------+--------+--------+--------+--------+-----+--------+

Top non-repeatable levels by time:
     D:2: 130 daAuts
     D:1: 86 daAuts
